 Dungeon Crawl Stone Soup version 0.28-a0-750-g7c675f85b1 (webtiles) character file.

Game seed: 16908039792360982441

10294 ytrimaz the Cleaver (level 11, -3/97 HPs)
             Began as a Demonspawn Berserker on Oct 29, 2021.
             Was an Elder of Trog.
             Engulfed by a fire crab's flame (42 damage)
             ... in a Gauntlet.
             The game lasted 00:19:58 (11139 turns).

ytrimaz the Cleaver (Demonspawn Berserker)         Turns: 11139, Time: 00:19:59

Health: -3/97      AC: 15    Str: 20    XL:     11   Next: 34%
Magic:  11/11      EV:  9    Int: 16    God:    Trog [****..]
Gold:   300        SH:  0    Dex: 19    Spells: 10/10 levels left

rFire   . . .      SeeInvis .   n - +9 battleaxe "Xausab" {spect, Int+7}
rCold   + + .      Faith    .   (shield currently unavailable)
rNeg    . . .      Spirit   .   q - +0 plate armour
rPois   +          Reflect  .   H - +2 hat
rElec   .          Harm     .   (cloak unavailable)
rCorr   .          Rampage  .   o - +0 pair of gloves
Will    ++...      NoTele   +   (no boots)
Stlth   ..........              C - amulet of the acrobat
HPRegen 4.26/turn               p - +6 ring of dexterity
MPRegen 0.12/turn               D - ring "Lykhlaz" {rPois rC++}

@: strong-willed (expiring), on berserk cooldown, regenerating (expiring),
slowed, very slow
A: slimy green scales 1, powered by death 2, robust 1, weakness stinger 3
a: Renounce Religion, Berserk, Trog's Hand, Brothers in Arms


You were in a Gauntlet.
You worshipped Trog.
Trog was greatly pleased with you.
You visited 3 branches of the dungeon, and saw 11 of its levels.
You also visited: Ossuary and Gauntlet.

You collected 834 gold pieces.
You spent 534 gold pieces at shops.

Inventory:

Hand Weapons
 i - a +3 war axe of freezing
 n - the +9 battleaxe "Xausab" (weapon) {spect, Int+7}
   (You acquired it in a Gauntlet)

   When its wielder attacks, the weapon's spirit leaps out and strikes again.
   The spirit shares a part of any damage it takes with its wielder.
   Int:       It affects your intelligence (+7).
Missiles
 G - 2 throwing nets (quivered)
Armour
 o - a +0 pair of gloves (worn)
 q - a +0 plate armour (worn)
 H - a +2 hat (worn)
Jewellery
 p - a +6 ring of dexterity (left hand)
 t - the amulet "Cioxugan" {Faith Fragile rCorr Int+10 Slay-4}
   (You found it in a Gauntlet)

   [amulet of faith]

   It allows you to gain divine favour quickly.
   Int:       It affects your intelligence (+10).
   Slay:      It affects your accuracy & damage with ranged weapons and melee
   (-4).
   rCorr:     It protects you from acid and corrosion.
   Fragile:   It will be destroyed if unequipped.
 C - an amulet of the acrobat (around neck)
 D - the ring "Lykhlaz" (right hand) {rPois rC++}
   (You bought it in a shop on level 5 of the Dungeon)

   [ring of poison resistance]

   rC:        It greatly protects you from cold.
   rPois:     It protects you from poison.
 F - a +6 ring of dexterity
Wands
 j - a wand of polymorph (8)
 l - a wand of iceblast (18)
 s - a wand of mindburst (11)
 y - a wand of digging (5)
Scrolls
 a - 2 scrolls of fog
 b - 3 scrolls of identify
 c - 2 scrolls of teleportation
 r - a scroll of blinking
 w - a scroll of magic mapping
 x - a scroll of brand weapon
Potions
 d - a potion of heal wounds
 e - a potion of invisibility
 f - 3 potions of haste
 g - a potion of berserk rage {unknown}
 h - a potion of magic {unknown}
 k - 6 potions of curing
 m - 3 potions of cancellation
 u - 2 potions of resistance {unknown}
 z - 2 potions of ambrosia {unknown}
 A - a potion of brilliance {unknown}
 B - a potion of lignification {unknown}
 E - 2 potions of might {unknown}


   Skills:
 + Level 9.2 Fighting
 + Level 12.4 Axes
 - Level 1.8 Armour
 * Level 8.3 Dodging


You had 10 spell levels left.
You didn't know any spells.
Your spell library was empty.

Dungeon Overview and Level Annotations

Branches:
Dungeon (9/15)             Temple (1/1) D:5            Lair (1/6) D:8
Ossuary (visited)         Gauntlet (1/1)
    Orc: D:9-12

Altars:
Ashenzari
Cheibriados
Dithmenos
Elyvilon
Fedhas
Gozag
Hepliaklqana
Kikubaaqudgha
Makhleb
Nemelex Xobeh
Okawaru
Qazlal
Ru
Sif Muna
Trog
Uskayaw
Vehumet
Wu Jian
Xom
Yredelemnul
Zin
The Shining One

Shops:
D:1 =   D:5 =

Annotations:
Gauntlet 9 transporters, 2 runed translucent doors


Innate Abilities, Weirdness & Mutations

You are partially covered in slimy green scales. (AC +2)
You regenerate health from kills.
You are robust. (+10% HP)
You have a sharp stinger which inflicts weakening toxins.


Message History

Trog accepts your kill. The fire bat barely misses you.
You closely miss the fire bat.
You are no longer berserk.
You are exhausted.
You feel yourself slow down. The fire bat bites you.
You are engulfed in flames!
The fire bat bites you but does no damage.
The fire crab breathes flames at you.
The blast of flame engulfs the fire bat.
The fire bat completely resists.
You slice the fire bat!!
You kill the fire bat!
Trog accepts your kill.
You are engulfed in blazing flames.
* * * LOW HITPOINT WARNING * * *
The fire bat bites you but does no damage.
You are engulfed in blazing flames.
* * * LOW HITPOINT WARNING * * *
The fire bat barely misses you. The fire bat misses you.
The fire bat closely misses you.
Unknown command.
You feel much better.
The fire crab bites you but does no damage.
The fire crab closely misses you.
You fail to use your ability.
You feel the effects of Trog's Hand fading.
The hell hound pauses to sniff the ground.
The fire crab breathes flames at you.
The blast of flame engulfs you but does no damage.
The fire crab bites you but does no damage.
The fire crab barely misses you.
You feel much better.
You are engulfed in blazing flames.
The fire crab breathes flames at you. The blast of flame misses you.
You slice the fire crab!! You tail-slap the fire crab!
The fire crab looks weaker.
The fire crab is severely wounded.
You are engulfed in blazing flames.
You die...

##########..#..........##..#
.........#..#########..#...#
..##.##..#..#..^#.#©#..#...#
.#..#..#.#..#.#.#=[##.8#.©.#
.#.©#..#.#..#.#.#=..#..#...#.
..#####.©#©©#.#^©####.∩#.©...
.#..#..#[#..#.#†^..^#..#...#.
.#..#..#|#..#..####.#.8#.©.#
..##.##..#..#.bt@...#..#...#
.........#..#########..#...#
##########..#..........##..#
......§..#..#########..###.#
....§....#..#h##bh###..≈# ##
..##§##..#..##hb##..#..##
..§###§..#..#.##.#.=#..≈#
..## ##..#.©##.#©.#©#..##
..≈# #≈..#..#.#.#.#$#..≈#


You could see a hell hog, a fire crab (weak), 2 hell hounds and 3 fire bats.

Vanquished Creatures
  Gastronok (D:8)
  A two-headed ogre (D:8)
  3 sixfirhies (Gauntlet)
  Maurice (D:8)
  2 basilisks (D:8)
  2 yaks (D:8)
  3 wyverns (D:8)
  The ghost of cheechan the Charlatan, an amateur NaAr (D:4)
  5 fire bats (Gauntlet)
  3 vampire mosquitoes (D:8)
  A steam dragon (D:7)
  3 hell hounds (Gauntlet)
  3 swamp worms (Gauntlet)
  6 water moccasins
  An orc warrior (D:8)
  3 black bears (D:8)
  3 necrophages
  A wolf (D:8)
  An ogre (D:5)
  2 phantoms
  A kobold brigand (D:4)
  2 bullfrogs
  5 wyvern zombies
  2 scorpions
  A water moccasin zombie (D:6)
  4 howler monkeys
  2 bullfrog zombies (D:6)
  A jelly (D:5)
  3 centaur zombies
  A hound (D:5)
  2 orc priests
  A centaur skeleton (D:6)
  2 orc wizards (D:6)
  3 iguanas
  3 killer bee zombies (D:6)
  A hound skeleton (D:4)
  5 mummies (Ossuary)
  2 howler monkey zombies (D:6)
  8 adders
  3 gnolls (D:8)
  A howler monkey skeleton (D:5)
  3 shadow imps
  A white imp (D:8)
  An ufetubus (D:6)
  2 worms
  3 dart slugs
  15 orcs
  4 ball pythons (D:1)
  6 endoplasms
  2 giant cockroaches (D:2)
  A gnoll zombie (Ossuary)
  3 goblins
  6 hobgoblins
  6 jackals
  14 kobolds
  4 quokkas
  2 bats (D:1)
  3 frilled lizards
  4 hobgoblin zombies (Ossuary)
  2 kobold zombies (Ossuary)
  An orc zombie (Ossuary)
  3 rats (D:1)
185 creatures vanquished.

Vanquished Creatures (others)
  6 fungi
  24 plants
30 creatures vanquished.

Grand Total: 215 creatures vanquished

Notes
Turn   | Place    | Note
-------+----------+-------------------------------------------
     0 | D:1      | ytrimaz the Demonspawn Berserker began the quest for the
                  | Orb.
     0 | D:1      | Reached XP level 1. HP: 18/18 MP: 1/1
   286 | D:1      | Found a faded altar of an unknown god.
   289 | D:1      | Gained mutation: You are partially covered in slimy green
                  | scales. (AC +2) [demonic ancestry]
   289 | D:1      | Reached XP level 2. HP: 23/24 MP: 2/2
   596 | D:1      | Reached skill level 3 in Axes
   672 | D:1      | Found Ellayx's Jewellery Emporium.
  1099 | D:2      | Reached XP level 3. HP: 17/29 MP: 3/3
  1291 | D:2      | You fall into a shaft and drop 1 floor!
  1624 | D:3      | Reached ** piety under Trog
  1631 | D:3      | You fall into a shaft and drop 3 floors!
  1707 | D:6      | Gained mutation: You regenerate a little health from kills.
                  | [demonic ancestry]
  1707 | D:6      | Reached XP level 4. HP: 33/36 MP: 4/4
  1717 | D:6      | HP: 2/55 [something (1)]
  1729 | D:6      | Gained mutation: You have a small tail. [demonic ancestry]
  1729 | D:6      | Reached XP level 5. HP: 12/42 MP: 5/5
  1977 | D:6      | Reached skill level 4 in Axes
  1989 | D:6      | Gained mutation: You have a tail ending in a sharp stinger.
                  | [demonic ancestry]
  1989 | D:6      | Reached XP level 6. HP: 36/48 MP: 6/6
  2424 | D:6      | Reached skill level 5 in Axes
  2666 | D:6      | Gained mutation: You have a sharp stinger which inflicts
                  | weakening toxins. [demonic ancestry]
  2666 | D:6      | Reached XP level 7. HP: 54/55 MP: 7/7
  2966 | D:5      | Entered Level 5 of the Dungeon
  3062 | D:5      | Found Plog's Jewellery Boutique.
  3287 | D:5      | Found a staircase to the Ecumenical Temple.
  3297 | D:5      | Reached skill level 6 in Axes
  3297 | D:5      | Reached skill level 5 in Dodging
  3314 | D:5      | Identified the +5 quarterstaff "Pidyinirch" {vorpal, Fly
                  | rN+}
  3321 | D:5      | Gained mutation: You regenerate health from kills. [demonic
                  | ancestry]
  3321 | D:5      | Reached XP level 8. HP: 18/61 MP: 8/8
  4146 | D:3      | Reached *** piety under Trog
  4760 | D:4      | Found a runed translucent gate.
  4760 | D:4      | Found a runed translucent gate.
  4760 | D:4      | Found a runed translucent gate.
  4761 | D:4      | Noticed cheechan's ghost (amateur NaAr)
  5107 | D:4      | Killed cheechan's ghost
  5108 | D:4      | Reached skill level 5 in Fighting
  5108 | D:4      | Reached skill level 7 in Axes
  5493 | D:5      | Reached skill level 8 in Axes
  5948 | D:6      | Gained mutation: You are robust. (+10% HP) [demonic
                  | ancestry]
  5948 | D:6      | Reached XP level 9. HP: 56/75 MP: 9/9
  6140 | D:6      | You fall into a shaft and drop 3 floors!
  6284 | D:8      | Noticed Maurice
  6298 | D:8      | Killed Maurice
  6329 | D:8      | Found a sand-covered staircase.
  6334 | Ossuary  | Entered an ossuary
  6351 | Ossuary  | Reached **** piety under Trog
  6357 | Ossuary  | Reached skill level 9 in Axes
  6634 | D:8      | Found a staircase to the Lair.
  6656 | D:8      | Reached skill level 10 in Axes
  6679 | D:8      | Reached XP level 10. HP: 84/86 MP: 10/10
  6800 | D:8      | Noticed Gastronok
  6817 | D:8      | Killed Gastronok
  7348 | D:8      | Reached skill level 11 in Axes
  7598 | D:8      | Noticed a two-headed ogre
  7620 | D:8      | Killed a two-headed ogre
  8282 | D:5      | Bought the ring "Lykhlaz" {rPois rC++} for 534 gold pieces
  9162 | Temple   | Entered the Ecumenical Temple
 10103 | D:8      | Found an ornate altar of the Wu Jian Council.
 10262 | Lair:1   | Entered Level 1 of the Lair of Beasts
 10350 | Lair:1   | Found a gate leading to a gauntlet.
 10360 | Gauntlet | Entered a Gauntlet
 10360 | Gauntlet | Found a transporter.
 10360 | Gauntlet | Found a runed translucent door.
 10360 | Gauntlet | Found a transporter.
 10362 | Gauntlet | Noticed a necromancer
 10364 | Gauntlet | Found a runed translucent door.
 10374 | Gauntlet | Found a transporter.
 10389 | Gauntlet | Noticed a sixfirhy
 10391 | Gauntlet | Noticed a sixfirhy
 10392 | Gauntlet | Found a transporter.
 10392 | Gauntlet | Found a transporter.
 10392 | Gauntlet | Found a transporter.
 10393 | Gauntlet | Noticed a sixfirhy
 10394 | Gauntlet | Found a transporter.
 10394 | Gauntlet | Found a transporter.
 10397 | Gauntlet | Noticed a wretched star
 10408 | Gauntlet | Found a transporter.
 10421 | Gauntlet | Found a transporter.
 10423 | Gauntlet | Noticed a fire crab
 10434 | Gauntlet | Found a transporter.
 10439 | Gauntlet | Noticed a hell hog
 10448 | Gauntlet | Found a transporter.
 10468 | Gauntlet | Found a transporter.
 10480 | Gauntlet | Found a transporter.
 10628 | Gauntlet | Reached XP level 11. HP: 52/95 MP: 11/11
 11004 | Gauntlet | Identified a scroll of acquirement
 11004 | Gauntlet | Acquired the +9 battleaxe "Xausab" {spect, Int+7}
 11031 | Gauntlet | Killed a sixfirhy
 11034 | Gauntlet | Killed a sixfirhy
 11035 | Gauntlet | Reached skill level 12 in Axes
 11038 | Gauntlet | Killed a sixfirhy
 11073 | Gauntlet | Identified the amulet "Cioxugan" {Faith Fragile rCorr
                  | Int+10 Slay-4}
 11135 | Gauntlet | HP: 2/97 [fire crab] (27)]
 11139 | Gauntlet | Engulfed by a fire crab's flame

Illustrated notes

Levels and vault maps discovered:
D:1:      psy_arrival_fountain, layout_basic, serial_shops, shop,
          basic_ecumenical_altar
D:2:      layout_basic
D:3:      layout_rooms, lemuel_old_faithful
D:4:      layout_layer_cave, gammafunk_ghost_nasty_kobolds,
          minmay_misc_feat_square
D:5:      layout_basic, minmay_temple_entry_glass, serial_shops,
          nicolae_take_the_stairs, hangedman_decor_diamond_cutter
D:6:      layout_gridville, serial_undead, serial_undead_c, serial_undead_e,
          serial_undead_d, serial_undead_c, serial_undead_f, serial_undead_b
D:7:      layout_basic
D:8:      layout_basic, pdpol_wu_jian_five_deadly_venoms,
          minmay_lair_entry_grove, enter_ossuary_5,
          chequers_serial_rivers_micro_d, uniq_maurice, uniq_gastronok
D:9:      layout_layer_cave, zombieorc2_lemuel, hangedman_abyss_or_decor_stagger
Temple:   minmay_crystal_snake_temple
Lair:1:   layout_chaotic_city, gauntlet_entry_generic
Gauntlet: gammafunk_gauntlet_mixed_choke_point
          [minmay_gauntlet_arena_77_shame_cube,
          minmay_gauntlet_arena_77_terracotta_army,
          minmay_gauntlet_arena_77_chump_sandwich,
          nicolae_gauntlet_arena_quarters, minmay_gauntlet_arena_77_two_lines,
          minmay_gauntlet_arena_77_radiant_squares,
          minmay_gauntlet_arena_77_mess, dreamdust_gauntlet_exit_labyrinth]

Skill      XL: |  1  2  3  4  5  6  7  8  9 10 11 |
---------------+----------------------------------+-----
Axes           | 3 4 5 6 8 10 11 12 | 12.4
Dodging        | 2 3 4 5 6 7 8 |  8.3
Fighting       | 4 5 7 8 9 |  9.2
Armour         | |  1.8

Action                   |  1- 3 |  4- 6 |  7- 9 | 10-12 || total
-------------------------+-------+-------+-------+-------++-------
Melee: Hand axe          |    84 |       |       |       ||    84
       War axe           |     9 |    42 |   209 |   114 ||   374
       Tailslap          |       |     3 |    32 |    22 ||    57
       Battleaxe         |       |       |       |    15 ||    15
Invok: Berserk           |     1 |     1 |     2 |     5 ||     9
       Trog's Hand       |       |       |     2 |     2 ||     4
       Brothers in Arms  |       |       |       |     1 ||     1
  Use: Potion            |       |     1 |       |     6 ||     7
       Scroll            |       |       |     8 |     9 ||    17
 Stab: Sleeping          |     1 |       |       |       ||     1
Armor: Animal skin       |    37 |     9 |     6 |       ||    52
       Chain mail        |       |       |    11 |       ||    11
       Plate armour      |       |       |   156 |    81 ||   237
Dodge: Dodged            |    69 |    49 |   128 |   101 ||   347

Table legend: (Time is in decaauts)
 A = Elapsed time spent in this place.
 B = Non-inter-level travel time spent in this place.
 C = Inter-level travel time spent in this place.
 D = Time resting spent in this place.
 E = Time spent auto-exploring this place.
 F = Levels seen in this place.
 G = Mean time per level.
                   A        B        C        D        E       F      G
               +--------+--------+--------+--------+--------+-----+--------+
         Total |  11270 |  10778 |    492 |   1934 |   6870 |  13 |  866.9 |
       Dungeon |  10082 |   9626 |    456 |   1534 |   6508 |   9 | 1120.2 |
        Temple |    194 |    158 |     36 |      0 |    140 |   1 |  194.0 |
          Lair |     26 |     26 |      0 |      0 |      0 |   1 |   26.0 |
       Ossuary |    173 |    173 |      0 |      0 |    102 |   1 |  173.0 |
      Gauntlet |    793 |    793 |      0 |    400 |    120 |   1 |  793.0 |
               +--------+--------+--------+--------+--------+-----+--------+

Top non-repeatable levels by time:
     D:6: 2068 daAuts
     D:8: 1513 daAuts
     D:4: 1256 daAuts
     D:7: 1216 daAuts
     D:5: 1142 daAuts
     D:2: 1041 daAuts
     D:1: 966 daAuts
Gauntlet: 793 daAuts
     D:3: 734 daAuts
  Temple: 194 daAuts
 Ossuary: 173 daAuts
     D:9: 141 daAuts
  Lair:1: 26 daAuts
